 Dungeon Crawl Stone Soup version 0.30.0-29-ga12c61a403 (webtiles) character file.

Game seed: 10446580252503428836

357 Elmgren the Shooter (level 6, 0/30 HPs)
             Began as a Spriggan Hunter on June 21, 2023.
             Killed from afar by an orc wizard (8 damage)
             ... with a magic dart
             ... on level 4 of the Dungeon.
             The game lasted 00:03:33 (2280 turns).

Elmgren the Shooter (Spriggan Hunter)               Turns: 2280, Time: 00:03:34

Health: 0/30       AC:  2    Str:  7    XL:     6   Next: 37%
Magic:  7/7        EV: 18    Int: 11    God:
Gold:   198        SH:  0    Dex: 20    Spells: 5/5 levels left

rFire   + . .        a - +1 shortbow
rCold   + . .        (shield currently unavailable)
rNeg    . . .        c - +0 robe
rPois   .            (helmet restricted)
rElec   .            h - scarf {rC+ rF+}
rCorr   .            (gloves unavailable)
SInv    +            (boots unavailable)
Will    +....        (no amulet)
Stlth   ++           (no ring)
HPRegen 0.25/turn    (no ring)
MPRegen 0.10/turn

%: no passive effects
@: very quick
A: very small, no large weapons, unfitting armour, see invisible, speed 3
a: no special abilities


You were on level 4 of the Dungeon.
You visited 1 branch of the dungeon, and saw 4 of its levels.

You collected 198 gold pieces.

Inventory:

Hand Weapons
 a - a +1 shortbow (weapon)
Armour
 c - a +0 robe (worn)
 h - a scarf of resistance (worn)
   (You found it on level 1 of the Dungeon)
Magical Staves
 n - a staff of cold {rC+}
   (You found it on level 3 of the Dungeon)
Jewellery
 o - a ring of willpower
   (You found it on level 3 of the Dungeon)
Wands
 d - a wand of iceblast (10)
   (You found it on level 4 of the Dungeon)
Scrolls
 b - a scroll of immolation {!r}
 e - a scroll of amnesia
 j - a scroll of teleportation {!r!d, @r3}
 m - a scroll of blinking {unknown}
Potions
 f - 6 potions of heal wounds {unknown}
 g - 2 potions of attraction {unknown}
 i - a potion of cancellation {unknown}
 k - 3 potions of might {unknown}
 l - a potion of mutation {unknown}


   Skills:
 - Level 1.5 Fighting
 + Level 7.7 Ranged Weapons
 - Level 2.6 Dodging
 - Level 1.5 Stealth


You had 5 spell levels left.
You didn't know any spells.
Your spell library contained the following spells:

 Spells                   Type           Power      Damage    Failure   Level
 Animate Dead             Necr           0%         N/A       98%         4
 Borgnjor's Vile Clutch   Necr/Erth      0%         N/A       100%        5
 Death Channel            Necr           0%         N/A       100%        6


Dungeon Overview and Level Annotations

Branches:
Dungeon (4/15)
 Temple: D:4-7

Altars:
Cheibriados
Wu Jian


Innate Abilities, Weirdness & Mutations

You are very small and have problems with some larger weapons.
You are too small for most types of armour.
You have supernaturally acute eyesight. (SInv)
You cover ground extremely quickly. (Speed+++)


Message History

The rat disappears in a puff of smoke!
The crimson imp disappears in a puff of smoke!
The bat disappears in a puff of smoke!
Your Ranged Weapons skill increases to level 7!
You have reached level 6!
You regained 4 hp, and now have 24/30 hp.
MP restored: 7 You start resting.
Health restored: 30
Things that are here:
a +0 rapier; a +0 leather armour No target in view!
m - a scroll labelled JOREYPNOEMYR No target in view!
An orc comes into view. It is wielding a +0 club.
The orc shouts!
You hear a shout!
Fire: a) +1 shortbow
Aim: an orc, wielding a +0 club (66% to hit)
You shoot an arrow. The arrow hits the orc!
You kill the orc!
An orc comes into view. It is wielding a +0 trident.
The orc moves out of view.
Fire: a) +1 shortbow Really target yourself?
Okay, then.
No target in view! 2 orcs come into view.
Fire: a) +1 shortbow
Aim: an orc, wielding a +0 short sword and wearing a +0 leather armour (wandering, hasn't noticed you, 66% to hit)
You shoot an arrow. The orc shouts!
The arrow hits the orc.
Fire: a) +1 shortbow
Aim: an orc, wielding a +0 short sword and wearing a +0 leather armour (lightly wounded, 66% to hit)
You shoot an arrow. The arrow hits the orc!
You kill the orc!
An orc wizard comes into view. It is wielding a +0 dagger.
Fire: a) +1 shortbow
Aim: an orc, wielding a +0 trident (66% to hit)
You shoot an arrow. The orc wizard shouts!
The arrow hits the orc.
An orc wizard comes into view. It is wielding a +0 dagger.
Fire: a) +1 shortbow
Aim: an orc, wielding a +0 trident (moderately wounded, 66% to hit)
You shoot an arrow. The arrow closely misses the orc.
The arrow closely misses the orc wizard.
Unknown command.
You shoot an arrow. The arrow closely misses the orc.
The arrow hits the orc wizard.
You shoot an arrow. The arrow closely misses the orc.
The arrow hits the orc wizard.
The orc closely misses you.
You shoot an arrow. The arrow closely misses the orc.
The arrow hits the orc wizard.
The orc wizard gestures wildly while chanting.
The orc wizard flickers and vanishes for a moment.
You shoot an arrow.
The arrow closely misses the orc wizard.
The arrow hits the orc wizard but does no damage.
The orc hits you from afar with a +0 trident!
You take 8 damage, and have 22/30 hp.
MASSIVE DAMAGE!!
You shoot an arrow. The arrow hits the orc wizard.
You kill the orc wizard!
The orc hits you from afar with a +0 trident.
You take 5 damage, and have 17/30 hp.
You shoot an arrow.
The arrow hits the orc wizard but does no damage.
The orc hits you from afar with a +0 trident.
You take 5 damage, and have 12/30 hp.
You shoot an arrow. The arrow hits the orc wizard!
The orc wizard hits you with a +0 dagger.
The orc closely misses you.
You shoot an arrow. The arrow hits the orc wizard.
The orc wizard points at you and mumbles some strange words.
You are confused.
The orc closely misses you.
You shoot an arrow. The orc wizard barely misses you.
The orc closely misses you.
You shoot an arrow. The orc wizard casts a spell at you.
You resist with almost no effort. The orc completely misses you.
You shoot an arrow.
The orc wizard hits you with a +0 dagger.
The orc closely misses you.
You take 2 damage, and have 10/30 hp.
You shoot an arrow.
The orc wizard points at you and mumbles some strange words.
You resist with almost no effort. The orc closely misses you. x2
The orc wizard hits you with a +0 dagger.
* * * LOW HITPOINT WARNING * * *
You take 2 damage, and have 8/30 hp.
You bump into the rock wall.
You feel less confused. The orc wizard casts a spell at you.
The puff of flame hits you. You resist.
* * * LOW HITPOINT WARNING * * *
You take 1 damage, and have 8/30 hp.
The orc wizard points at you and mumbles some strange words.
The magic dart hits you!
You die...

#.#.# #.... ##.#.## #####
#.....# #..#).# #..#..#
####### #..#oo#######.....##
#..#................
##..#..#.#####.###..#
#...@..>.#.....# #...
#...######..##.###.#.
##.####...######..##....##.
..................##.#.###.
##.####..............#.# #.
##...###.#.###..........###.
#.....>..#.# #.##.#####.....
##...#####.# #.##.# #####.
## #.###.##.# #.


You could see an orc wizard (invisible) and an orc.

Vanquished Creatures
  Eustachio (D:4)
  A sleepcap (D:4)
  An iguana (D:4)
  2 orc wizards (D:3 D:4)
  3 adders (D:2 D:3)
  2 dart slugs (D:1 D:2)
  8 orcs (D:3 D:4)
  7 endoplasms (D:1 D:3 D:4)
  4 giant cockroaches (D:1 D:2)
  8 goblins (D:2 D:3 D:4)
  8 hobgoblins (D:1 D:2 D:3 D:4)
  4 jackals (D:1)
  3 quokkas (D:1 D:3)
  5 ball pythons (D:1 D:2 D:3)
  7 bats (D:1 D:2 D:3)
  4 frilled lizards (D:1 D:2)
  5 kobolds (D:1 D:3 D:4)
  7 rats (D:1 D:2 D:3)
80 creatures vanquished.

Notes
Turn   | Place    | Note
-------+----------+-------------------------------------------
     0 | D:1      | Elmgren the Spriggan Hunter began the quest for the Orb.
     0 | D:1      | Reached XP level 1. HP: 10/10 MP: 2/2
   181 | D:1      | Reached XP level 2. HP: 14/14 MP: 3/3
   341 | D:1      | Found a faded altar of an unknown god.
   493 | D:1      | Reached skill level 5 in Ranged Weapons
   496 | D:1      | Reached XP level 3. HP: 16/18 MP: 4/4
  1006 | D:2      | HP: 9/18 [adder (2)]
  1012 | D:2      | HP: 5/18 [poisoned by an adder]
  1280 | D:2      | Reached XP level 4. HP: 22/22 MP: 5/5
  1339 | D:3      | Found a snail-covered altar of Cheibriados.
  1420 | D:3      | Reached skill level 6 in Ranged Weapons
  1467 | D:3      | HP: 11/22 [orc/+0 mace (2)]
  1472 | D:3      | HP: 9/22 [orc/+0 mace (3)]
  1962 | D:4      | Reached XP level 5. HP: 25/25 MP: 6/6
  1965 | D:4      | Found an ornate altar of the Wu Jian Council.
  2184 | D:4      | Noticed Eustachio
  2198 | D:4      | Killed Eustachio
  2199 | D:4      | Reached skill level 7 in Ranged Weapons
  2199 | D:4      | Reached XP level 6. HP: 24/30 MP: 7/7
  2268 | D:4      | HP: 12/30 [orc/+0 trident (5)]
  2273 | D:4      | HP: 10/30 [orc wizard/+0 dagger (3)]
  2279 | D:4      | HP: 8/30 [orc wizard/puff of flame (1)]
  2280 | D:4      | Killed from afar by an orc wizard

Illustrated notes

Levels and vault maps discovered:
D:1:      scummos_arrival_hexagon, layout_loops_ring,
          hellmonk_ecumenical_altar_defaced_shrine
D:2:      layout_basic, kennysheep_pointless_box, st_stairs_8
D:3:      layout_rooms, amcnicky_altar_gilded
D:4:      corexii_shantytown, layout_loops_ring,
          mainiacjoe_overflow_concentric_impassable, uniq_eustachio, uniq_ijyb

Skill      XL: |  1  2  3  4  5 |
---------------+----------------+-----
Ranged Weapons | 5 6 7 |  7.7
Fighting       | |  1.5
Dodging        | |  2.6
Stealth        | |  1.5

Action                     |  1- 3 |  4- 6 || total
---------------------------+-------+-------++-------
   Fire: Shortbow          |    97 |   123 ||   220
    Use: Scroll            |       |     3 ||     3
 Armour: Robe              |     2 |     6 ||     8
  Dodge: Dodged            |    23 |    49 ||    72

Levels and vault maps discovered:
D:1:      scummos_arrival_hexagon, layout_loops_ring,
          hellmonk_ecumenical_altar_defaced_shrine
D:2:      layout_basic, kennysheep_pointless_box, st_stairs_8
D:3:      layout_rooms, amcnicky_altar_gilded
D:4:      corexii_shantytown, layout_loops_ring,
          mainiacjoe_overflow_concentric_impassable, uniq_eustachio, uniq_ijyb

Table legend: (Time is in decaauts)
 A = Elapsed time spent in this place.
 B = Non-inter-level travel time spent in this place.
 C = Inter-level travel time spent in this place.
 D = Time resting spent in this place.
 E = Time spent auto-exploring this place.
 F = Levels seen in this place.
 G = Mean time per level.
                   A        B        C        D        E       F      G
               +--------+--------+--------+--------+--------+-----+--------+
         Total |   1606 |   1559 |     47 |     85 |   1111 |   4 |  401.5 |
       Dungeon |   1606 |   1559 |     47 |     85 |   1111 |   4 |  401.5 |
               +--------+--------+--------+--------+--------+-----+--------+

Top non-repeatable levels by time:
     D:1: 544 daAuts
     D:3: 447 daAuts
     D:2: 349 daAuts
     D:4: 265 daAuts

Table legend:
 A = Kills in this place as a percentage of kills in the entire game.
 B = Kills by you in this place as a percentage of kills by you in the entire game.
 C = Kills by friends in this place as a percentage of kills by friends in the entire game.
 D = Other kills in this place as a percentage of other kills in the entire game.
 E = Experience gained in this place as a percentage of experience gained in the entire game.
 F = Experience gained in this place divided by the number of levels of this place that you have seen.
                   A       B       C       D       E      F
               +-------+-------+-------+-------+-------+----------------------
         Total | 100.0 | 100.0 |   N/A |   N/A | 100.0 | 127.8
       Dungeon | 100.0 | 100.0 |   N/A |   N/A | 100.0 | 127.8
               +-------+-------+-------+-------+-------+----------------------
